 Dungeon Crawl Stone Soup version 0.30.1-11-g7821555f0a (webtiles) character file.

Game seed: 6410109158700819167

138 AlmostDecent the Chiller (level 5, 37/37 HPs)
             Began as a Gnoll Ice Elementalist on July 17, 2023.
             Quit the game on level 3 of the Dungeon on Dec 16, 2023.
             The game lasted 00:09:28 (2781 turns).

AlmostDecent the Chiller (Gnoll Ice Elementalist)   Turns: 2781, Time: 00:09:28

Health: 37/37      AC:  2    Str:  7    XL:     5   Next: 21%
Magic:  21/21      EV: 13    Int: 16    God:
Gold:   160        SH:  0    Dex: 13    Spells: 6/14 levels left

rFire   . . .        m - +4 trident (flame)
rCold   . . .        (no shield)
rNeg    . . .        a - +0 robe
rPois   +            (no helmet)
rElec   .            (no cloak)
rCorr   .            (no gloves)
SInv    .            (no boots)
Will    .....        (no amulet)
Stlth   +++          l - ring of poison resistance
HPRegen 0.26/turn    o - ring of magical power
MPRegen 0.17/turn

%: no passive effects
@: no status effects
A: fangs 1, strong nose, distributed training
a: no special abilities


You were on level 3 of the Dungeon.
You visited 1 branch of the dungeon, and saw 3 of its levels.

You collected 160 gold pieces.

Inventory:

Hand Weapons
 h - a +0 short sword
 m - a +4 trident of flaming (weapon)
Armour
 a - a +0 robe (worn)
Jewellery
 l - a ring of poison resistance (left hand)
 o - a ring of magical power (right hand)
Scrolls
 c - a scroll of amnesia {unknown}
 f - 3 scrolls of teleportation {unknown}
 i - 2 scrolls of magic mapping {unknown}
 k - 2 scrolls of identify {unknown}
Potions
 b - a potion of magic
 d - a potion of might {unknown}
 e - a potion of haste {unknown}
 g - a potion of berserk rage {unknown}
 j - a potion of curing {unknown}
 n - a potion of degeneration {unknown}
 p - a potion of cancellation {unknown}


   Skills:
 + Level 1.4 Fighting
 + Level 1.4 Short Blades
 + Level 1.4 Long Blades
 + Level 1.4 Axes
 + Level 1.4 Maces & Flails
 + Level 1.4 Polearms
 + Level 1.4 Staves
 + Level 1.4 Ranged Weapons
 + Level 1.4 Throwing
 + Level 1.4 Armour
 + Level 4.8 Dodging
 + Level 4.4 Stealth
 + Level 1.4 Shields
 + Level 1.4 Unarmed Combat
 + Level 5.2 Spellcasting
 + Level 1.1 Conjurations
 + Level 1.1 Hexes
 + Level 1.1 Summonings
 + Level 1.1 Necromancy
 + Level 1.1 Translocations
 + Level 1.1 Transmutations
 + Level 1.1 Fire Magic
 + Level 7.2 Ice Magic
 + Level 1.1 Air Magic
 + Level 1.1 Earth Magic
 + Level 1.1 Poison Magic
 + Level 1.6 Invocations
 + Level 1.4 Evocations


You had 6 spell levels left.
You knew the following spells:

 Your Spells              Type           Power      Damage    Failure   Level
a - Freeze                Ice            100%       1d10      1%          1
b - Frozen Ramparts       Ice            54%        1d9       2%          3
c - Ozocubu's Armour      Ice            27%        N/A       2%          3
d - Sandblast             Erth           14%        2d6       10%         1

Your spell library contained the following spells:

 Spells                   Type           Power      Damage    Failure   Level
 Foxfire                  Conj/Fire      28%        2x1d5     10%         1
 Call Imp                 Summ           14%        N/A       14%         2
 Summon Ice Beast         Ice/Summ       17%        N/A       26%         4
 Stone Arrow              Conj/Erth      14%        3d7       28%         3
 Animate Armour           Summ/Erth      14%        N/A       67%         4
 Fireball                 Conj/Fire      3%         3d4       95%         5
 Summon Forest            Summ/Tloc      3%         N/A       95%         5
 Summon Mana Viper        Hex/Summ       7%         N/A       95%         5
 Plasma Beam              Fire/Air       3%         2x1d15    100%        6
 Starburst                Conj/Fire      3%         6d3       100%        6
 Haunt                    Necr/Summ      3%         N/A       100%        7
 Summon Hydra             Summ           3%         N/A       100%        7


Dungeon Overview and Level Annotations

Branches:
Dungeon (3/15)

Altars:
Dithmenos
Okawaru


Innate Abilities, Weirdness & Mutations

You have very sharp teeth.
Your uncanny sense of smell can sniff out nearby items.
Your experience applies equally to all skills.


Message History

No target in view!
Found a stone staircase leading down.
No target in view!
You see here 6 stones.
You now have 160 gold pieces (gained 4).
You see here 6 stones.
An endoplasm and a hobgoblin come into view.
The endoplasm quivers.
The hobgoblin shouts!
An adder comes into view.
You miscast Sandblast.
You are very lightly contaminated with residual magic.
Nothing appears to happen.
The blast of sand hits the endoplasm!
You kill the endoplasm!
The adder hisses angrily.
The blast of sand hits the hobgoblin.
You kill the hobgoblin!
The adder bites you.
The blast of sand hits the adder!
The adder is severely wounded.
The adder closely misses you. The adder completely misses you.
The blast of sand hits the adder.
The adder is almost dead.
The adder bites you. The adder completely misses you.
Your magical contamination has completely faded away.
The blast of sand hits the adder!
You kill the adder!
You can't see any susceptible monsters within range! (Use Z to cast anyway.)
You can't see any susceptible monsters within range! (Use Z to cast anyway.)
You see here an adder corpse.
You see here an adder corpse.
There is an escape hatch in the floor here.
Things that are here:
a ball python skeleton; a hobgoblin skeleton Done exploring.
Welcome back, AlmostDecent the Gnoll Ice Elementalist.
Press ? for a list of commands and other information.
No monsters, items or features are visible.
Are you sure you want to abandon this character and quit the game? (Confirm with "yes".)

#########
###########.......#
#............####.#
#.......###..####.#
#..###..##.........
#..# #.......####.#
#..###.......####..
#.@.....###..÷.....
####.#### ########>
#...# ####### #.
####.#### #.....#
#. #.......#
#.....###.
#.##)##.#
#.......†.
#.##.#..#
#.....##..
#.##....#
#.....##..
#.####..#
########.#


There were no monsters in sight!

Vanquished Creatures
  Terence (D:2)
  5 adders
  A worm (D:3)
  3 dart slugs
  5 ball pythons
  4 bats (D:1)
  4 endoplasms
  9 hobgoblins
  2 jackals (D:2)
  3 quokkas (D:1)
  7 frilled lizards
  4 goblins
  8 kobolds
  7 rats
63 creatures vanquished.

Notes
Turn   | Place    | Note
-------+----------+-------------------------------------------
     0 | D:1      | AlmostDecent the Gnoll Ice Elementalist began the quest for
                  | the Orb.
     0 | D:1      | Reached XP level 1. HP: 13/13 MP: 6/6
     0 | D:1      | Upgraded the game from 0.30.1-1-g62c8e00024 to
                  | 0.30.1-4-g462c640d31
   109 | D:1      | Reached XP level 2. HP: 17/19 MP: 4/7
   646 | D:1      | Found a faded altar of an unknown god.
   657 | D:1      | Reached skill level 5 in Spellcasting
   657 | D:1      | Reached XP level 3. HP: 25/25 MP: 3/9
   983 | D:2      | Reached skill level 1 in Invocations
  1187 | D:2      | Learned a level 3 spell: Frozen Ramparts
  1191 | D:2      | Learned a level 3 spell: Ozocubu's Armour
  1274 | D:2      | Reached skill level 1 in Fighting
  1274 | D:2      | Reached skill level 1 in Short Blades
  1274 | D:2      | Reached skill level 1 in Long Blades
  1274 | D:2      | Reached skill level 1 in Axes
  1274 | D:2      | Reached skill level 1 in Maces & Flails
  1274 | D:2      | Reached skill level 1 in Polearms
  1274 | D:2      | Reached skill level 1 in Staves
  1274 | D:2      | Reached skill level 1 in Ranged Weapons
  1274 | D:2      | Reached skill level 1 in Throwing
  1274 | D:2      | Reached skill level 1 in Armour
  1274 | D:2      | Reached skill level 1 in Shields
  1274 | D:2      | Reached skill level 1 in Unarmed Combat
  1274 | D:2      | Reached skill level 1 in Evocations
  1322 | D:2      | Noticed Terence
  1331 | D:2      | Killed Terence
  1332 | D:2      | Reached XP level 4. HP: 19/32 MP: 7/11
  1443 | D:2      | Reached skill level 1 in Conjurations
  1443 | D:2      | Reached skill level 1 in Hexes
  1443 | D:2      | Reached skill level 1 in Summonings
  1443 | D:2      | Reached skill level 1 in Necromancy
  1443 | D:2      | Reached skill level 1 in Translocations
  1443 | D:2      | Reached skill level 1 in Transmutations
  1443 | D:2      | Reached skill level 1 in Fire Magic
  1443 | D:2      | Reached skill level 1 in Air Magic
  1443 | D:2      | Reached skill level 1 in Earth Magic
  1443 | D:2      | Reached skill level 1 in Poison Magic
  1599 | D:2      | Got the Guidebook on Accomplices
  2152 | D:3      | Found a shadowy altar of Dithmenos.
  2181 | D:3      | Got the Treatise on the Geological Entourage
  2184 | D:3      | Learned a level 1 spell: Sandblast
  2187 | D:3      | Found an iron altar of Okawaru.
  2431 | D:3      | Reached XP level 5. HP: 27/37 MP: 12/12
  2781 | D:3      | Upgraded the game from 0.30.1-4-g462c640d31 to
                  | 0.30.1-11-g7821555f0a
  2781 | D:3      | Quit the game

Illustrated notes

Levels and vault maps discovered:
D:1:      dpeg_arrival_subterranean_lakeside_camping, layout_basic,
          hellmonk_ecumenical_altar_pennies_from_heaven
D:2:      layout_loops_corners, uniq_terence
D:3:      layout_loops_cross, mainiacjoe_overflow_catwalk, okawaru_gym_becter

Skill      XL: |  1  2  3  4 |
---------------+-------------+-----
Spellcasting   | 5 |  5.2
Invocations    | 1 |  1.6
Fighting       | 1 |  1.4
Short Blades   | 1 |  1.4
Long Blades    | 1 |  1.4
Axes           | 1 |  1.4
Maces & Flails | 1 |  1.4
Polearms       | 1 |  1.4
Staves         | 1 |  1.4
Ranged Weapons | 1 |  1.4
Throwing       | 1 |  1.4
Armour         | 1 |  1.4
Shields        | 1 |  1.4
Unarmed Combat | 1 |  1.4
Evocations     | 1 |  1.4
Conjurations   | 1 |  1.1
Hexes          | 1 |  1.1
Summonings     | 1 |  1.1
Necromancy     | 1 |  1.1
Translocations | 1 |  1.1
Transmutations | 1 |  1.1
Fire Magic     | 1 |  1.1
Air Magic      | 1 |  1.1
Earth Magic    | 1 |  1.1
Poison Magic   | 1 |  1.1
Dodging        | |  4.8
Stealth        | |  4.4
Ice Magic      | |  7.2

Action                     |  1- 3 |  4- 6 || total
---------------------------+-------+-------++-------
  Melee: Unarmed           |     3 |       ||     3
         Short sword       |     3 |       ||     3
         Trident           |       |    23 ||    23
         Punch             |       |     1 ||     1
   Cast: Freeze            |    44 |     6 ||    50
         Frozen Ramparts   |     1 |       ||     1
         Sandblast         |       |    27 ||    27
   Stab: Sleeping          |       |     4 ||     4
 Armour: Robe              |     2 |     2 ||     4
  Dodge: Dodged            |    26 |    21 ||    47
